 Dungeon Crawl Stone Soup version 0.24.0-1-gfbc8707 (webtiles) character file.

Game seed: 10818015655392426485, levelgen mode: deterministic

216 Dorkslayer the Covert (level 5, -4/35 HPs)
             Began as an Octopode Assassin on Nov 14, 2019.
             Slain by Duvessa
             ... wielding a +0 rapier
              (7 damage)
             ... on level 4 of the Dungeon.
             The game lasted 00:12:34 (3039 turns).

Dorkslayer the Covert (Octopode Assassin)           Turns: 3039, Time: 00:12:34

Health: -4/35      AC:  1    Str: 16    XL:     5   Next: 93%
Magic:  5/5        EV: 13    Int: 13    God:
Gold:   169        SH:  0    Dex: 14    Spells: 4/4 levels left

rFire    . . .     SeeInvis .   n - +1 dagger (freeze)
rCold    . . .     Gourm    .   (no shield)
rNeg     . . .     Faith    .   (helmet restricted)
rPois    .         Spirit   .   (no amulet)
rElec    .         Reflect  .   (no ring)
rCorr    .         Harm     .   (no ring)
MR       .....                  (no ring)
Stlth    ++........             (no ring)
HPRegen  0.11/turn              (no ring)
MPRegen  0.09/turn              (no ring)
                                (no ring)
                                (no ring)

@: mighty, lethally poisoned (-4 -> -14), glowing
A: almost no armour, stealthy swim, amphibious, 8 rings, constrict 8, camouflage
1, gelatinous body 1
a: no special abilities


You were on level 4 of the Dungeon.
You were hungry.

You visited 1 branch of the dungeon, and saw 4 of its levels.

You collected 169 gold pieces.

Inventory:

Hand Weapons
 a - a +2 dagger
 l - a +0 long sword
 n - a +1 dagger of freezing (weapon)
Missiles
 b - 20 poisoned darts (quivered)
Scrolls
 g - 2 scrolls of enchant armour
 h - 3 scrolls of remove curse
 j - 2 scrolls of immolation {unknown}
 p - a scroll of identify
Potions
 k - a potion of cancellation
Comestibles
 d - 7 rations
 o - 4 chunks of flesh


   Skills:
 + Level 2.4 Fighting
 + Level 2.8 Short Blades
 + Level 2.9 Throwing
 + Level 1.9 Dodging
 + Level 8.0 Stealth


You had 4 spell levels left.
You didn't know any spells.
Your spell library was empty.

Dungeon Overview and Level Annotations

Branches:
Dungeon (4/15)
 Temple: D:4-7

Altars:
Ashenzari
Fedhas
Gozag
Hepliaklqana
Makhleb
Uskayaw
Xom
Zin

Shops:
D:4 :

Annotations:
D:4 Dowan, Duvessa


Innate Abilities, Weirdness & Mutations

You cannot wear most types of armour.
You are very stealthy in the water. (Stealth+)
You are amphibious.
You can wear up to eight rings at the same time.
You can use your tentacles to constrict eight enemies at once.
Your skin changes colour to match your surroundings (Stealth+).
Your rubbery body absorbs attacks. (AC +1, EV +1)


Message History

You are more poisoned.
The worker ant poisons you! Duvessa hits you with a +0 rapier.
You release your grip on Duvessa.
You feel sick.
Dowan looks more healthy.
The worker ant bites you.
* * * LOW HITPOINT WARNING * * *
You feel sick.
The crimson imp blinks!
* * * LOW HITPOINT WARNING * * *
You feel sick.
Dowan points at you and mumbles some strange words.
The puff of frost hits you.
* * * LOW HITPOINT WARNING * * *
Unknown command.
* * * LOW HITPOINT WARNING * * *
You feel sick.
Duvessa yells, "You can run, but you cannot escape us forever!"
You barely miss Duvessa. Your grab misses Duvessa.
Duvessa is heavily wounded.
* * * LOW HITPOINT WARNING * * *
You feel sick. Duvessa hits you with a +0 rapier!
You die...

......(.......
#..........## .. ##
#....§.......#...###.#
#.......#........#..
#....Z..# #..... ..
##......# #..# .#
#.#....####..###.#
####ea..##.....#..#
###..@..5.....#....#
#....#.....##...<).#
###########.###)..##.#
##_#_#.#8#_#..##...######
#⌠.#.#.#.#.8..#....##....
#_..............##.#.(.#
#................#....##.
#_.#.#.#.#.8##.......∩...
##_#####_#####...#.......


You could see Duvessa, a worker ant, a crimson imp and a hobgoblin zombie.

Vanquished Creatures
  An orc priest (D:4)
  An orc wizard (D:4)
  A hound skeleton (D:4)
  Robin (D:2)
  5 adders
  An ooze (D:3)
  An adder skeleton (D:4)
  3 worms
  A dart slug (D:2)
  4 leopard geckos
  3 orcs
  4 giant cockroaches (D:3)
  9 goblins
  14 hobgoblins
  4 kobolds
  3 quokkas
  2 ball pythons
  3 bats (D:2)
  3 frilled lizards
  A hobgoblin zombie (D:4)
  7 rats
72 creatures vanquished.

Notes
Turn   | Place    | Note
-------+----------+-------------------------------------------
     0 | D:1      | Dorkslayer the Octopode Assassin began the quest for the
                  | Orb.
     0 | D:1      | Reached XP level 1. HP: 14/14 MP: 1/1
   485 | D:1      | Reached XP level 2. HP: 19/19 MP: 2/2
   754 | D:2      | Reached skill level 6 in Stealth
   784 | D:2      | Reached XP level 3. HP: 23/24 MP: 3/3
   817 | D:2      | Noticed Robin
   820 | D:2      | HP: 1/24 [Robin/+0 dagger (3)]
   821 | D:2      | Killed Robin
  1410 | D:2      | Reached XP level 4. HP: 29/29 MP: 4/4
  1804 | D:3      | Reached skill level 7 in Stealth
  2223 | D:3      | Found a hazy altar of Hepliaklqana.
  2336 | D:3      | Reached XP level 5. HP: 34/34 MP: 5/5
  2810 | D:4      | Found Nang's Book Shoppe.
  2814 | D:4      | Found a shattered altar of Ashenzari.
  2895 | D:4      | Found an opulent altar of Gozag.
  2901 | D:4      | Found a hide-covered altar of Uskayaw.
  2901 | D:4      | Found a shimmering altar of Xom.
  2904 | D:4      | Found a blossoming altar of Fedhas.
  2905 | D:4      | Found a burning altar of Makhleb.
  2906 | D:4      | Found a glowing silver altar of Zin.
  2928 | D:4      | Noticed Dowan
  3025 | D:4      | Noticed Duvessa
  3031 | D:4      | Reached skill level 8 in Stealth
  3039 | D:4      | Slain by Duvessa

Levels and vault maps discovered:
D:1:      giann_wishing_wells, layout_basic
D:2:      layout_loops_ring, uniq_robin
D:3:      layout_basic, lemuel_coloured_pillars_altar, minmay_fractal_squares_5
D:4:      layout_cave_pools, minitemple, minmay_temple_entry_poolview,
          serial_shops, shop, first_ration, nicolae_tso_besieged_by_evil,
          uniq_duvessa, uniq_edmund

Skill      XL: |  1  2  3  4  5 |
---------------+----------------+-----
Stealth        | 6 7 8 |  8.0
Fighting       | |  2.4
Short Blades   | |  2.8
Throwing       | |  2.9
Dodging        | |  1.9

Action                   |  1- 3 |  4- 6 || total
-------------------------+-------+-------++-------
Melee: Dagger            |    62 |    83 ||   145
       Constrict         |    14 |    20 ||    34
       Tentacles         |     9 |    11 ||    20
Throw: Dart              |     6 |     8 ||    14
       Throwing net      |       |     2 ||     2
  Use: Scroll            |     4 |     2 ||     6
       Potion            |     1 |     6 ||     7
 Stab: Sleeping          |     6 |    12 ||    18
       Distracted        |       |     1 ||     1
  Eat: Chunk             |     1 |     5 ||     6
Armor: Skin              |     3 |     4 ||     7
Dodge: Dodged            |    27 |    49 ||    76
